 Dungeon Crawl Stone Soup version 0.16-a0-702-gf4f471d (webtiles) character file.

120 MrRokkomies the Shooter (level 4, -3/38 HPs)
             Began as a Centaur Hunter on Sept 20, 2014.
             Killed by divine providence
             ... invoked by an orc priest
              (14 damage)
             ... on Level 3 of the Dungeon.
             The game lasted 00:06:46 (2710 turns).

MrRokkomies the Shooter (Centaur Hunter)            Turns: 2710, Time: 00:06:46

HP  -3/38        AC  7     Str 15      XL: 4   Next: 75%
MP   3/3         EV  6     Int 11      God:
Gold 125         SH  0     Dex 11      Spells:  0 memorised,  3 levels left

rFire  . . .     SeeInvis .     a - +0 short sword (holy)
rCold  . . .     Clarity  .     w - +0 scale mail
rNeg   . . .     rCorr    .     (no shield)
rPois  .         rRot     .     (no helmet)
rElec  .         Spirit   .     (no cloak)
SustAb .         Warding  .     k - +0 pair of gloves
rMut   .         Stasis   .     (no barding)
Gourm  +                        o - amulet of the gourmand
MR     .....                    j - +2 ring of dexterity
                                (no ring)

@: very quick, not resistant to hostile enchantments, extremely unstealthy
A: hooves 3, deformed body, speed 2, tough skin 3
a: no special abilities


You were on level 3 of the Dungeon.
You were full.

You visited 1 branch of the dungeon, and saw 3 of its levels.

You collected 125 gold pieces.

Inventory:

Hand weapons
 a - a +0 short sword of holy wrath (weapon)
 b - a +1 shortbow
 p - a +0 blowgun
Missiles
 c - 15 arrows
 e - 6 needles of paralysis
 s - 7 poisoned needles
Armour
 k - a +0 pair of gloves (worn)
 w - a +0 scale mail (worn)
Comestibles
 f - 2 bread rations
 i - 2 meat rations
Scrolls
 l - a scroll of remove curse
 n - a scroll of teleportation {unknown}
 r - 2 scrolls of identify {unknown}
 t - a scroll of immolation {unknown}
 u - a scroll of noise {unknown}
Jewellery
 h - an uncursed ring of fire
 j - a +2 ring of dexterity (right hand)
 o - an amulet of the gourmand (around neck)
Potions
 d - 2 potions of curing
 g - a potion of confusion {unknown}
 m - 2 potions of restore abilities {unknown}
 q - a potion of heal wounds {unknown}
 v - a potion of brilliance {unknown}
 x - a potion of lignification {unknown}


   Skills:
 * Level 3.0 Fighting
 * Level 7.1 Bows
 - Level 1.3 Dodging
 - Level 0.5 Stealth


You had 3 spell levels left.
You didn't know any spells.

Dungeon Overview and Level Annotations

Branches:
Dungeon (3/15)

Altars:
Fedhas

Annotations:
D:2 1 exclusion


Innate Abilities, Weirdness & Mutations

You have hooves in place of feet.
Armour fits poorly on your strangely shaped body.
You cover ground very quickly.
You have extremely tough skin (AC +3).


Message History

The orc priest is almost dead.
The orc priest utters an invocation to Beogh.
You feel a wave of unholy energy pass over you.
The orc hits you from afar with a trident.
The orc priest hits you.
* * * LOW HITPOINT WARNING * * *
You hit the orc priest but do no damage.
Your kick misses the orc priest.
The orc priest is almost dead.
The orc hits you from afar with a trident.
* * * LOW HITPOINT WARNING * * *
The orc priest hits you.
* * * LOW HITPOINT WARNING * * *
Drink which item? (? for menu, Esc to quit)
You feel better.
It was a potion of curing.
The orc hits you from afar with a trident.
* * * LOW HITPOINT WARNING * * *
The orc priest mumbles some strange prayers to Beogh against you.
Something smites you!
You die...

...............................#
#....####.........##.....#.#####
##..## ##.......######.##.# #.##
##.....## ####.# #.# ##...## #.#
#.# ##'## #.# #.# #.# #.# #.#
#.########## #.# #.#
##...@o.....# #.#
##...........###.#
##.....[.o........#
#..............#####
...###..........# ##
##.........# #<........#
###########


You could see an orc priest and an orc.

Vanquished Creatures
  Jessica (D:3)
  An ogre skeleton (D:3)
  3 adders
  2 worms
  3 giant geckos
  An orc (D:3)
  7 bats
  2 hobgoblins
  3 jackals (D:1)
  6 kobolds
  2 quokkas
  A ball python (D:2)
  A giant cockroach (D:2)
  5 giant newts
  7 goblins
  5 rats
50 creatures vanquished.

Notes
Turn   | Place    | Note
--------------------------------------------------------------
     0 | D:1      | MrRokkomies, the Centaur Hunter, began the quest for the Orb.
     0 | D:1      | Reached XP level 1. HP: 16/16 MP: 1/1
   240 | D:1      | Reached XP level 2. HP: 5/23 MP: 2/2
   608 | D:1      | Reached skill level 6 in Bows
   912 | D:2      | Reached XP level 3. HP: 29/29 MP: 3/3
  1786 | D:3      | Reached XP level 4. HP: 37/37 MP: 3/3
  1948 | D:3      | Noticed Jessica
  1956 | D:3      | Killed Jessica
  2442 | D:3      | Reached skill level 7 in Bows
  2600 | D:3      | Found a blossoming altar of Fedhas.
  2710 | D:3      | Killed from afar by an orc priest

Action                   |  1- 3 |  4- 6 || total
-------------------------+-------+-------++-------
Melee: Short sword       |    95 |    39 ||   134
 Fire: Shortbow          |    53 |    17 ||    70
  Use: Scroll            |     1 |       ||     1
       Potion            |       |     1 ||     1
  Eat: Chunk             |     4 |     5 ||     9
